AoeStats
← Jermazor

Nomad

508477065Analyzed
2v2 RM · 10d ago on Sep 22, 2026· 42m 18s· 4 players
Game mode
Random Map
Map size
176×176
Population
200
Speed
Normal
Resources
Standard
Victory
Conquest
Starting age
Dark Age
Ending age
Imperial Age
RankedLock teamsTeams togetherTeam positionsShared explorationLock speedFull tech treeHidden civsTurbo modeCheats
Victory
Defeat
🇫🇮 Britons · Finland
721
+13
🇫🇮 Italians · Finland
662
+16
🇵🇪 Burgundians · Peru
661
-15
🇺🇸 Georgians · United States
652
-14
evan.matthew.bishop
4:59 Loom
14:57 Feudal Age
15:36 Horse Collar
15:44 Double-Bit Axe
15:47 Town Watch
20:34 Fishing Lines
20:51 Stone Mining
24:53 Forging
24:43 Scale Mail Armor
29:29 Castle Age
31:46 Gold Mining
32:03 Squires
33:49 Fortified Wall
33:49 Masonry
33:10 Pikeman
34:14 Svan Towers
34:46 Bow Saw
34:43 Heavy Plow
35:37 Fletching
36:16 Scale Barding Armor
37:06 Sanctity
37:47 Chain Barding Armor
38:09 Gillnets
43:45 Imperial Age
42:10 Wheelbarrow
42:01 Bloodlines
41:52 Husbandry
0.1k Ccopa
3:07 Loom
9:07 Horse Collar
11:12 Wheelbarrow
16:22 Feudal Age
15:20 Double-Bit Axe
16:46 Gold Mining
23:43 Heavy Plow
24:01 Bow Saw
29:44 Castle Age
30:17 Gold Shaft Mining
29:32 Stone Mining
30:21 Gold Shaft Mining
Jermazor
14:40 Feudal Age
16:38 Double-Bit Axe
25:04 Horse Collar
26:39 Forging
30:02 Castle Age
28:25 Fletching
28:41 Scale Barding Armor
30:56 Pikeman
31:01 Crossbowman
32:19 Padded Archer Armor
32:15 Bodkin Arrow
33:00 Iron Casting
32:58 Squires
32:45 Arson
33:32 Bow Saw
34:18 Stone Mining
34:19 Gold Mining
38:04 Heavy Plow
39:45 Husbandry
40:31 Gold Shaft Mining
41:57 Wheelbarrow
jesper.eronen
15:18 Feudal Age
16:07 Double-Bit Axe
16:06 Fishing Lines
16:21 Gold Mining
20:57 Forging
20:37 Fletching
20:47 Padded Archer Armor
26:46 Castle Age
30:30 Wheelbarrow
31:31 Stone Mining
32:07 Gillnets
32:16 Pikeman
38:01 Hand Cart
41:37 Imperial Age
Connection lost

Rejoining the realm…

Still unreachable

The connection could not be restored.

Session expired

The server has moved on; the page needs a fresh start.